 Seeded DCSS version 0.30.1-4-g462c640d31 (webtiles) character file.

Game seed: 6351066067085065685 (custom seed)

5999 Esekla the Thaumaturge (level 10, -8/51 HPs)
             Began as a Deep Elf Necromancer on Aug 27, 2023.
             Was an Elder of Vehumet.
             Mangled by a two-headed ogre
             ... wielding a +0 giant spiked club
              (18 damage)
             ... on level 9 of the Dungeon.
             The game lasted 01:16:18 (8875 turns).

Esekla the Thaumaturge (Deep Elf Necromancer)       Turns: 8875, Time: 01:16:18

Health: -8/51      AC:  6    Str:  5    XL:     10   Next: 55%
Magic:  28/36      EV: 15    Int: 25    God:    Vehumet [****..]
Gold:   629        SH:  0    Dex: 15    Spells: 13/31 levels left

rFire   . . .        c - +4 great sword
rCold   . . .        (shield currently unavailable)
rNeg    . . .        k - +0 robe
rPois   .            w - +1 helmet
rElec   .            H - +0 cloak
rCorr   .            G - +0 pair of gloves
SInv    .            (no boots)
Will    +....        C - amulet of magic regeneration
Stlth   +++          n - ring of magical power
HPRegen 0.28/turn    (no ring)
MPRegen 0.65/turn

%: no passive effects
@: freezing walls, studying Fighting
A: no striking features
a: Renounce Religion


You were on level 9 of the Dungeon.
You worshipped Vehumet.
Vehumet was greatly pleased with you.
You visited 1 branch of the dungeon, and saw 9 of its levels.
You also visited: Bailey.

You collected 629 gold pieces.

Inventory:

Hand Weapons
 a - a +2 vampiric dagger
 c - a +4 great sword (weapon)
 r - a +4 trident of venom
 s - the +5 rapier of the Hero {heavy, rN+ Dex+3}
   (You found it on level 3 of the Dungeon)

   Dex:       It affects your dexterity (+3).
   rN:        It protects you from negative energy.
 v - a +2 rapier of venom
 L - a +4 scimitar
Missiles
 u - 31 poisoned darts (quivered)
 N - 4 curare-tipped darts
Armour
 k - a +0 robe (worn)
 w - a +1 helmet (worn)
 G - a +0 pair of gloves (worn)
 H - a +0 cloak (worn)
 I - a +0 buckler
Jewellery
 n - a ring of magical power (left hand)
 C - an amulet of magic regeneration (around neck)
Wands
 p - a wand of roots (15)
 E - a wand of flame (14)
 J - a wand of mindburst (8)
Scrolls
 l - a scroll of amnesia
 m - a scroll of enchant armour
 o - 5 scrolls of blinking {unknown}
 t - a scroll of fog
 x - a scroll of silence
 z - 3 scrolls of enchant weapon {unknown}
 A - a scroll of magic mapping
 D - a scroll of fear
 F - 2 scrolls of teleportation {unknown}
 K - 2 scrolls of poison {unknown}
 M - a scroll of acquirement
 O - 3 scrolls of noise {unknown}
Potions
 b - a potion of magic
 d - 3 potions of ambrosia {unknown}
 e - 6 potions of attraction {unknown}
 f - 3 potions of brilliance {unknown}
 g - 2 potions of heal wounds
 h - 6 potions of curing
 j - a potion of mutation
 q - 4 potions of haste
 B - 2 potions of lignification


   Skills:
 * Level 0.3 Fighting
 + Level 3.7(3.9) Short Blades
 + Level 1.4(2.6) Long Blades
 + Level 1.7 Throwing
 * Level 7.2 Dodging
 + Level 5.0 Stealth
 * Level 11.2 Spellcasting
 * Level 5.0 Conjurations
 * Level 10.6 Necromancy
 * Level 4.9 Translocations
 * Level 3.1 Ice Magic
 + Level 1.2 Evocations


You had 13 spell levels left.
You knew the following spells:

 Your Spells              Type           Power      Damage    Failure   Level
a - Necrotise             Necr           100%       1d9       1%          1
b - Hailstorm             Conj/Ice       34%        3d9       1%          3
c - Stone Arrow           Conj/Erth      52%        3d10      1%          3
d - Vampiric Draining     Necr           61%        2d10      1%          3
e - Searing Ray           Conj           78%        2d7       1%          2
r - Frozen Ramparts       Ice            60%        1d10      1%          3
t - Teleport Other        Tloc           38%        N/A       1%          3

Your spell library contained the following spells:

 Spells                   Type           Power      Damage    Failure   Level
 Kiss of Death            Conj/Necr      100%       2d13      1%          1
 Lesser Beckoning         Tloc           76%        N/A       1%          2
 Gell's Gravitas          Tloc           38%        N/A       1%          3
 Animate Dead             Necr           61%        N/A       1%          4
 Agony                    Necr           61%        N/A       1%          5
 Spider Form              Tmut/Pois      14%        N/A       13%         3
 Cause Fear               Hex            7%         N/A       41%         4
 Summon Mana Viper        Hex/Summ       14%        N/A       77%         5


Dungeon Overview and Level Annotations

Branches:
Dungeon (9/15)             Temple (0/1) D:6          Bailey (visited)
   Lair: D:8-11         Orc: D:9-12

Altars:
Dithmenos
Fedhas
Hepliaklqana
Nemelex Xobeh
Okawaru
Qazlal
Trog
Uskayaw
Vehumet
Zin
The Shining One

Shops:
D:2 =   D:4 (

Annotations:
D:9 Harold


Message History

The walls around you are covered in ice.
The wall freezes the two-headed ogre.
Aiming: Fastroot
Press: ? - help, Shift-Dir - straight line, f - two-headed ogre
Aim: a two-headed ogre, wielding a +0 giant spiked club and a +0 giant club (lightly wounded)
The roots erupt in riotous growth!
Roots grab the two-headed ogre.
The grasping roots constrict the two-headed ogre!
The wall freezes the two-headed ogre!
The two-headed ogre escapes!
You slash the two-headed ogre!
The two-headed ogre is heavily wounded.
The wall freezes the two-headed ogre.
The two-headed ogre closely misses you.
The two-headed ogre hits you with a +0 giant club.
Casting: Frozen Ramparts (safe; 1% risk of failure)
Confirm with . or Enter, or press ? or * to list all spells.
Aiming: Vampiric Draining (safe; 1% risk of failure)
Press: ? - help, Shift-Dir - straight line, f/p - two-headed ogre
Aim: a two-headed ogre, wielding a +0 giant spiked club and a +0 giant club (heavily wounded)
You draw life force from the two-headed ogre.
You feel life coursing into your body.
The wall freezes the two-headed ogre.
The two-headed ogre barely misses you.
The two-headed ogre hits you with a +0 giant club!!
Casting: Vampiric Draining (safe; 1% risk of failure)
Confirm with . or Enter, or press ? or * to list all spells.
Aiming: Vampiric Draining (safe; 1% risk of failure)
Press: ? - help, Shift-Dir - straight line, f/p - two-headed ogre
Aim: a two-headed ogre, wielding a +0 giant spiked club and a +0 giant club (heavily wounded)
You draw life force from the two-headed ogre!
You feel life coursing into your body.
Casting: Vampiric Draining (safe; 1% risk of failure)
Confirm with . or Enter, or press ? or * to list all spells.
Aiming: Vampiric Draining (safe; 1% risk of failure)
Press: ? - help, Shift-Dir - straight line, f/p - two-headed ogre
Aim: a two-headed ogre, wielding a +0 giant spiked club and a +0 giant club (severely wounded)
You draw life force from the two-headed ogre.
You feel life coursing into your body.
The wall freezes the two-headed ogre.
The two-headed ogre hits you with a +0 giant spiked club!!
* * * LOW HITPOINT WARNING * * *
The two-headed ogre hits you with a +0 giant club!!
You die...

#............... #...............
#............... #...............
#############...............
#...........................
####...#######.................
.......# #...######'####.####
.......# #..@#.........###...
.......# ###O#...............
.......# #.#...............
.......#########.#...............
.................#...............
.............O...#...............
...#######.......################
...# #.......................
#### #...####................


You could see a two-headed ogre.

Vanquished Creatures
  A two-headed ogre (D:8)
  Pikel (D:6)
  2 orc knights (Bailey)
  Joseph (D:7)
  A steam dragon (D:8)
  A wyvern (D:7)
  Menkaure (D:7)
  An ice beast (D:6)
  A sky beast (D:6)
  7 orc warriors (Bailey)
  2 black bears
  2 ogres
  A centaur (D:7)
  A phantom (D:7)
  Blork the orc (D:6)
  2 kobold brigands
  2 gnoll sergeants
  A bullfrog (D:7)
  2 scorpions (D:5)
  3 wights (D:7)
  4 killer bees (D:9)
  A quasit (D:8)
  2 gnoll boudas
  6 hounds
  A jelly (D:6)
  Crazy Yiuf (D:7)
  3 orc priests (D:8)
  A sleepcap (D:5)
  5 iguanas
  5 orc wizards
  20 gnolls
  9 adders
  2 shadow imps (D:8)
  6 white imps
  4 ufetubi
  A worm (D:4)
  3 dart slugs
  48 orcs
  4 endoplasms
  9 goblins
  7 hobgoblins
  A quokka (D:1)
  6 ball pythons
  4 bats
  4 frilled lizards
  14 kobolds
  A rat (D:2)
206 creatures vanquished.

Vanquished Creatures (others)
  An orc priest (D:8)
1 creature vanquished.

Grand Total: 207 creatures vanquished

Notes
Turn   | Place    | Note
-------+----------+-------------------------------------------
     0 | D:1      | Esekla the Deep Elf Necromancer began the quest for the
                  | Orb.
     0 | D:1      | Reached XP level 1. HP: 10/10 MP: 6/6
   401 | D:4      | Found a radiant altar of Vehumet.
   412 | D:4      | Found an iron altar of Okawaru.
   423 | D:4      | Found a glowing silver altar of Zin.
   499 | D:4      | Became a worshipper of Vehumet
   637 | D:3      | Reached skill level 5 in Necromancy
   742 | D:3      | Reached XP level 2. HP: 15/15 MP: 8/8
  1018 | D:3      | Identified the +5 rapier of the Hero {heavy, rN+ Dex+3}
  1138 | D:2      | Found Renulab's Jewellery Shop.
  1243 | D:1      | Reached XP level 3. HP: 19/19 MP: 10/10
  1256 | D:1      | Learned a level 3 spell: Vampiric Draining
  1312 | D:1      | Reached * piety under Vehumet
  1312 | D:1      | Offered knowledge of Kiss of Death by Vehumet.
  1316 | D:1      | Learned a level 1 spell: Kiss of Death
  1568 | D:1      | Reached skill level 1 in Short Blades
  1589 | D:1      | Learned a level 3 spell: Teleport Other
  1680 | D:2      | Noticed a black bear
  1756 | D:2      | Reached XP level 4. HP: 17/23 MP: 2/11
  1905 | D:2      | Found a faded altar of an unknown god.
  1912 | D:2      | Reached skill level 4 in Spellcasting
  2055 | D:2      | Killed a black bear
  2056 | D:2      | Reached skill level 1 in Translocations
  2056 | D:2      | Reached XP level 5. HP: 15/28 MP: 5/14
  2224 | D:3      | Found a stormy altar of Qazlal.
  2253 | D:3      | Found a hazy altar of Hepliaklqana.
  2253 | D:3      | Found a bloodstained altar of Trog.
  2265 | D:3      | Reached skill level 5 in Spellcasting
  2628 | D:4      | Found a glowing golden altar of the Shining One.
  2652 | D:4      | Reached XP level 6. HP: 31/32 MP: 13/15
  2829 | D:4      | Offered knowledge of Searing Ray by Vehumet.
  2834 | D:4      | Learned a level 2 spell: Searing Ray
  2857 | D:4      | Reached ** piety under Vehumet
  3154 | D:4      | Found Ponaysk's Antique Weapon Boutique.
  3365 | D:5      | Entered Level 5 of the Dungeon
  3373 | D:5      | Got the Parchment of the Lumpy Olives
  3389 | D:5      | Found a shadowy altar of Dithmenos.
  3564 | D:5      | Reached skill level 1 in Conjurations
  3644 | D:5      | Reached XP level 7. HP: 31/36 MP: 14/17
  3647 | D:5      | Reached skill level 6 in Spellcasting
  4460 | D:6      | Reached XP level 8. HP: 28/41 MP: 12/20
  4483 | D:6      | Noticed Pikel
  4491 | D:6      | Killed Pikel
  4492 | D:6      | Reached skill level 5 in Dodging
  4492 | D:6      | Reached skill level 7 in Spellcasting
  4636 | D:6      | Found a staircase to the Ecumenical Temple.
  4680 | D:6      | Offered knowledge of Frozen Ramparts by Vehumet.
  4685 | D:6      | Learned a level 3 spell: Frozen Ramparts
  4780 | D:6      | Noticed Blork the orc
  4925 | D:6      | Killed Blork the orc
  5049 | D:7      | Found a runed translucent door.
  5050 | D:7      | Noticed Crazy Yiuf
  5057 | D:7      | Killed Crazy Yiuf
  5249 | D:6      | Found a blossoming altar of Fedhas.
  5490 | D:7      | Reached skill level 8 in Spellcasting
  5577 | D:7      | Reached skill level 1 in Ice Magic
  5577 | D:7      | Reached XP level 9. HP: 29/45 MP: 15/23
  5710 | D:7      | Reached *** piety under Vehumet
  5762 | D:7      | Noticed Menkaure
  5912 | D:7      | Killed Menkaure
  6192 | D:7      | Noticed Joseph
  6238 | D:7      | Reached skill level 1 in Throwing
  6394 | D:8      | Found a hide-covered altar of Uskayaw.
  6403 | D:8      | Offered knowledge of Hailstorm by Vehumet.
  6416 | D:8      | Noticed a two-headed ogre
  6504 | D:6      | Learned a level 3 spell: Hailstorm
  6520 | D:7      | Killed Joseph
  6521 | D:7      | Reached skill level 9 in Spellcasting
  6649 | D:8      | Reached **** piety under Vehumet
  6657 | D:8      | Reached skill level 1 in Evocations
  6682 | D:8      | Offered knowledge of Stone Arrow by Vehumet.
  6694 | D:8      | Learned a level 3 spell: Stone Arrow
  6808 | D:8      | Found a transporter.
  6808 | D:8      | Found a transporter.
  6848 | D:8      | Found a transporter.
  6848 | D:8      | Found a transporter.
  7077 | D:8      | Killed a two-headed ogre
  7078 | D:8      | Reached skill level 10 in Spellcasting
  7078 | D:8      | Reached XP level 10. HP: 50/50 MP: 26/26
  7850 | D:9      | Found a flagged portal.
  7873 | Bailey   | Entered a bailey
  7894 | Bailey   | Reached skill level 10 in Necromancy
  8145 | Bailey   | Identified the +2 bardiche of Puhoisos {heavy, rElec
                  | Stlth+}
  8307 | Bailey   | Noticed an orc knight
  8307 | Bailey   | Noticed an orc knight
  8352 | Bailey   | Killed an orc knight
  8353 | Bailey   | Reached skill level 1 in Long Blades
  8409 | Bailey   | HP: 2/50 [orc knight/+0 glaive (17)]
  8410 | Bailey   | Killed an orc knight
  8411 | Bailey   | Reached skill level 5 in Stealth
  8411 | Bailey   | Reached skill level 11 in Spellcasting
  8595 | Bailey   | Reached skill level 5 in Conjurations
  8743 | D:9      | Noticed Harold
  8809 | D:9      | Found a sparkling altar of Nemelex Xobeh.
  8862 | D:9      | Noticed a two-headed ogre
  8875 | D:9      | Mangled by a two-headed ogre

Illustrated notes

Levels and vault maps discovered:
D:1:      sevenhm_arrival_forest_fort_small_3, layout_rooms,
          chequers_serial_rivers_room_b, minmay_misc_feat_five
D:2:      layout_loops_ring, dreamdust_ecumenical_altar_angels_and_demons,
          serial_shops, shop
D:3:      layout_basic, grunt_temple_overflow_open, minmay_misc_feat_iff
D:4:      layout_basic, nicolae_overflow_quartered_altars, serial_shops,
          nicolae_diamond_shop
D:5:      layout_loops_ring, lemuel_doored_altar, minmay_misc_feat_rows,
          dreamdust_wishing_well
D:6:      layout_loops_cross, fedhas_altar_fruit_tree,
          minmay_temple_entry_glass, uniq_pikel, uniq_blork_the_orc
D:7:      layout_basic, uniq_menkaure, uniq_joseph, uniq_crazy_yiuf_cottage
D:8:      layout_basic, nicolae_uskayaw_dance_hall, serial_demonic,
          serial_demonic_d, serial_demonic_a, serial_demonic_c,
          serial_demonic_c, nicolae_diode_quadrants
D:9:      layout_irregular_city, kennysheep_little_box, enter_bailey_4,
          minmay_between, uniq_harold

Skill      XL: |  1  2  3  4  5  6  7  8  9 10 |
---------------+-------------------------------+-----
Necromancy     | 5 6 7 8 9 10 | 10.6
Dodging        | 3 4 5 6 7 |  7.2
Stealth        | 3 4 5 |  5.0
Short Blades   | 1 2 3 |  3.7
Spellcasting   | 4 5 6 8 10 11 | 11.2
Translocations | 1 2 3 4 |  4.9
Conjurations   | 1 2 3 4 5 |  5.0
Ice Magic      | 1 2 3 |  3.1
Throwing       | 1 |  1.7
Evocations     | 1 |  1.2
Long Blades    | 1 |  1.4
Fighting       | |  0.3

Action                     |  1- 3 |  4- 6 |  7- 9 | 10-12 || total
---------------------------+-------+-------+-------+-------++-------
  Melee: Short sword       |   114 |    97 |       |       ||   211
         Unarmed           |     9 |       |       |       ||     9
         Dagger            |       |    47 |   149 |       ||   196
         Punch             |       |       |     2 |       ||     2
         Rapier            |       |       |     5 |     5 ||    10
         Great sword       |       |       |     2 |    46 ||    48
         Scimitar          |       |       |     1 |       ||     1
  Throw: Dart              |       |     2 |    18 |    11 ||    31
   Cast: Vampiric Draining |     6 |    26 |    53 |    29 ||   114
         Searing Ray       |       |       |    28 |    10 ||    38
         Frozen Ramparts   |       |       |     7 |     9 ||    16
  Evoke: Wand              |       |       |     5 |     3 ||     8
    Use: Scroll            |     1 |       |    13 |       ||    14
         Potion            |       |       |     1 |       ||     1
   Stab: Sleeping          |     3 |     1 |    10 |       ||    14
         Distracted        |     1 |     1 |       |       ||     2
 Armour: Robe              |    28 |    35 |    38 |    24 ||   125
  Dodge: Dodged            |    86 |    85 |   135 |   103 ||   409
